 Dungeon Crawl Stone Soup version 0.17-a0-1718-g72dbe4d (webtiles) character file.

7847 PooFace the Nimble (level 11, -4/97 HPs)
             Began as a Minotaur Berserker on Aug 24, 2015.
             Was a High Priest of Trog.
             Killed from afar by an electric eel (6 damage)
             ... with a bolt of electricity
             ... on level 9 of the Dungeon.
             The game lasted 01:14:05 (10533 turns).

PooFace the Nimble (Minotaur Berserker)            Turns: 10533, Time: 01:14:05

Health: -4/97      AC:  7    Str: 24    XL:     11   Next: 2%
Magic:  10/10      EV: 24    Int:  4    God:    Trog [*****.]
Gold:   486        SH:  0    Dex: 21    Spells: 0 memorised, 10 levels left

rFire  . . .     SeeInvis .     a - +2 spear
rCold  . . .     Clarity  .     s - +2 robe {rN+}
rNeg   + . .     SustAt   .     (no shield)
rPois  .         Gourm    .     (helmet restricted)
rElec  .         Spirit   .     p - +2 cloak
rCorr  .         Warding  .     (no gloves)
rMut   .         Stasis   .     (no boots)
MR     .....                    (no amulet)
Stlth  +++.......               o - +4 ring of dexterity
                                d - +6 ring of dexterity

@: flying, not resistant to hostile enchantments, fairly stealthy
A: retaliatory headbutt, horns 2
a: Burn Spellbooks, Berserk, Trog's Hand, Brothers in Arms, Renounce Religion


You were on level 9 of the Dungeon.
You worshipped Trog.
Trog was extremely pleased with you.
You were very full.

You visited 1 branch of the dungeon, and saw 9 of its levels.
You also visited: Ossuary.

You collected 486 gold pieces.

Inventory:

Hand weapons
 a - a +2 spear (weapon)
 C - a +7 great mace of crushing
Armour
 b - a +2 animal skin
 n - a +0 ring mail
 p - a +2 cloak (worn)
 s - a +2 robe of positive energy (worn)
Jewellery
 d - a +6 ring of dexterity (left hand)
 j - an uncursed ring of magical power
 o - a +4 ring of dexterity (right hand)
 u - an uncursed ring of fire {unknown}
Magical devices
 w - a wand of confusion (13)
Scrolls
 e - a scroll of magic mapping
 f - 5 scrolls of teleportation
 i - 7 scrolls of identify
 t - 3 scrolls of remove curse
 x - a scroll of enchant armour
 y - 2 scrolls of random uselessness
Potions
 g - 4 potions of poison
 h - 2 potions of degeneration
 A - 2 potions of curing
 B - a potion of cure mutation
 G - a potion of beneficial mutation {unknown}
Comestibles
 c - 6 bread rations
 z - 4 royal jellies
 F - a meat ration


   Skills:
 + Level 9.3 Fighting
 + Level 10.4 Polearms
 + Level 2.7 Armour
 + Level 12.5 Dodging
 + Level 5.3 Stealth


You had 10 spell levels left.
You didn't know any spells.

Dungeon Overview and Level Annotations

Branches:
Dungeon (9/15)             Temple (0/1) D:7
   Lair: D:8-11         Orc: D:9-12

Altars:
Ashenzari
Cheibriados
Dithmenos
Elyvilon
Fedhas
Makhleb
Nemelex Xobeh
Qazlal
The Shining One

Shops:
D:7 (   D:9 *


Innate Abilities, Weirdness & Mutations

You reflexively headbutt those who attack you in melee.
You have a pair of horns on your head.


Message History

The adder skeleton completely misses you.
You furiously retaliate!
You headbutt the adder skeleton. The adder skeleton misses you.
You furiously retaliate!
You headbutt the adder skeleton.
Read which item? (? for menu, Esc to quit)
You don't have any such object.
Read which item? (? for menu, Esc to quit)
Read which item? (? for menu, Esc to quit)
Okay, then.
The electric eel shoots out a bolt of lightning at you!
The bolt of electricity hits you!
* * * LOW HITPOINT WARNING * * *
The electric eel shoots out a bolt of lightning at you!
The bolt of electricity hits the adder skeleton.
The adder skeleton is destroyed!
The bolt of electricity hits you!
* * * LOW HITPOINT WARNING * * *
The electric eel shoots out a bolt of lightning at you!
The bolt of electricity hits you!
You die...

..#########...##
.##....# ##...#
##.....# #...##
.(.....# ###....##
#####.## #.......#
.#..hh# ###########
.#.#### ##≈#≈≈≈≈##
>..#
####≈≈≈#≈≈≈≈#≈≈≈
..##
#≈#≈≈≈≈≈@≈≈≈≈≈≈≈ ..#
#≈#≈≈≈≈≈#≈≈≈≈≈≈≈ ..#
######≈≈≈≈≈#≈≈≈#≈≈≈≈
#.# #)...#≈#≈≈≈≈≈≈≈#
≈≈≈
#.###.#####≈≈≈≈≈≈≈##
≈ #.##..# #≈≈≈≈≈≈≈#
#.##.## #≈≈≈≈≈≈≈#
#....# ###;≈≈≈≈≈≈≈≈
...### #≈#≈≈≈≈≈≈≈≈≈


You could see an electric eel.

Vanquished Creatures
  Erica (D:8)
  A hill giant (D:9)
  A queen bee (D:8)
  4 snapping turtles (D:9)
  A wyvern (D:9)
  Sigmund (D:6)
  5 yaks (D:9)
  A hungry ghost (D:9)
  An ice beast (D:9)
  3 sky beasts
  2 wasps
  2 centaurs
  2 phantoms
  6 ogres
  3 elf zombies (Ossuary)
  4 giant frogs
  The ghost of KambridgeKobold the Skirmisher, a weakling MiFi (D:3)
  3 scorpions
  3 electric eels (D:9)
  21 killer bees
  5 crimson imps
  4 orc priests
  A quasit (D:9)
  4 jellies
  2 iguanas
  Ijyb (D:2)
  A centaur skeleton (D:7)
  A giant frog skeleton (D:7)
  8 orc wizards
  5 hounds
  3 worker ants
  Natasha (thrice) (D:4)
  A big kobold zombie (Ossuary)
  A hound skeleton (D:4)
  A mummy (Ossuary)
  A worker ant zombie (D:9)
  9 gnolls
  8 adders
  2 shadow imps
  2 oozes
  3 adder zombies
  4 worms
  9 giant geckos
  33 orcs
  4 giant cockroaches
  20 goblins
  13 hobgoblins
  26 jackals
  4 quokkas
  2 ball pythons
  13 bats
  7 giant newts
  A goblin zombie (Ossuary)
  7 hobgoblin zombies (Ossuary)
  2 jackal zombies (Ossuary)
  6 kobolds
  10 kobold zombies (Ossuary)
  7 orc zombies (Ossuary)
  5 rats
  2 rat zombies (Ossuary)
307 creatures vanquished.

Vanquished Creatures (others)
  An adder skeleton (D:9)
  2 plants (D:9)
3 creatures vanquished.

Grand Total: 310 creatures vanquished

Notes
Turn   | Place    | Note
--------------------------------------------------------------
     0 | D:1      | PooFace the Minotaur Berserker began the quest for the Orb.
     0 | D:1      | Reached XP level 1. HP: 19/19 MP: 0/0
    97 | D:1      | Reached XP level 2. HP: 27/27 MP: 1/1
   186 | D:1      | Reached skill level 4 in Fighting
   383 | D:1      | Reached XP level 3. HP: 30/33 MP: 2/2
   383 | D:1      | Acquired Trog's second power
   576 | D:2      | Gained mutation: You have large cloven feet. [potion of mutation]
   576 | D:2      | Gained mutation: Your spells are a little harder to cast, but a little more powerful. [potion of mutation]
   576 | D:2      | Gained mutation: You are partially covered in yellow scales (AC +2). [potion of mutation]
   791 | D:2      | Reached XP level 4. HP: 41/41 MP: 3/3
  1196 | D:2      | Noticed Ijyb
  1201 | D:2      | Killed Ijyb
  1201 | D:2      | Reached skill level 5 in Polearms
  1292 | D:2      | Reached XP level 5. HP: 47/47 MP: 4/4
  1668 | D:3      | Reached skill level 5 in Fighting
  1688 | D:3      | Noticed KambridgeKobold's ghost (weakling MiFi)
  1696 | D:3      | Killed KambridgeKobold's ghost
  1902 | D:3      | Reached XP level 6. HP: 53/56 MP: 5/5
  2190 | D:3      | Acquired Trog's third power
  2551 | D:4      | Noticed Natasha
  2564 | D:4      | Killed Natasha
  2564 | D:4      | Reached skill level 5 in Dodging
  2668 | D:4      | Noticed Natasha
  2684 | D:4      | Killed Natasha
  2685 | D:4      | Reached skill level 6 in Polearms
  2685 | D:4      | Reached skill level 1 in Stealth
  2856 | D:4      | Noticed Natasha
  2865 | D:4      | Reached XP level 7. HP: 31/62 MP: 6/6
  2866 | D:4      | Killed Natasha
  4102 | D:4      | Found a glowing golden altar of the Shining One.
  4113 | D:5      | Entered Level 5 of the Dungeon
  4344 | D:5      | Reached skill level 7 in Dodging
  4415 | D:5      | Found a blossoming altar of Fedhas.
  4584 | D:5      | Reached XP level 8. HP: 47/70 MP: 7/7
  4653 | D:5      | Found a shadowy altar of Dithmenos.
  4940 | D:6      | Noticed Sigmund
  4953 | D:6      | Killed Sigmund
  4953 | D:6      | Reached skill level 8 in Dodging
  5236 | D:6      | Found a sand-covered staircase.
  5240 | Ossuary  | Entered an ossuary
  5671 | D:7      | Lost mutation: You have large cloven feet. [potion of cure mutation]
  5671 | D:7      | Lost mutation: Your spells are a little harder to cast, but a little more powerful. [potion of cure mutation]
  5671 | D:7      | Lost mutation: You are partially covered in yellow scales (AC +2). [potion of cure mutation]
  5711 | D:7      | Found Vona Nuo's Antique Weapon Shoppe.
  5831 | D:7      | Found a staircase to the Ecumenical Temple.
  5923 | D:7      | Reached XP level 9. HP: 60/79 MP: 8/8
  5928 | D:7      | Reached skill level 9 in Dodging
  6286 | D:7      | Got an ichor-stained bardiche
  6287 | D:7      | Identified the +8 bardiche of Gozag's Condemnation {freeze, +Blink rElec Str-3} (You found it on level 7 of the Dungeon)
  6525 | D:7      | Found a burning altar of Makhleb.
  6794 | D:7      | Found a snail-covered altar of Cheibriados.
  6794 | D:7      | Found a sparkling altar of Nemelex Xobeh.
  7030 | D:8      | Received a gift from Trog
  7044 | D:8      | Reached skill level 10 in Dodging
  7124 | D:8      | Found a stormy altar of Qazlal.
  7586 | D:8      | Found a shattered altar of Ashenzari.
  7779 | D:8      | Reached XP level 10. HP: 90/90 MP: 9/9
  7825 | D:8      | Noticed Erica
  7853 | D:8      | Killed Erica
  7853 | D:8      | Reached skill level 11 in Dodging
  8070 | D:9      | Found a white marble altar of Elyvilon.
  8136 | D:9      | Found Sill's General Store.
  8249 | D:9      | Reached skill level 10 in Polearms
  8848 | D:9      | Noticed a hill giant
  8857 | D:9      | Killed a hill giant
  8857 | D:9      | Reached skill level 12 in Dodging
  9495 | D:9      | Reached skill level 5 in Stealth
 10280 | D:9      | Reached XP level 11. HP: 39/97 MP: 10/10
 10532 | D:9      | HP: 1/97 [electric eel/bolt of electricity (5)]
 10533 | D:9      | Killed from afar by an electric eel

Vault maps used:
D:1:      roderic_dead_forest, st_stairs_7, minmay_bisected
D:2:      kennysheep_goblin_castle, first_bread, st_stairs_9, kennysheep_boxes
D:4:      nicolae_overflow_hidden_temple, uniq_natasha
D:5:      kennysheep_little_box, grunt_dithmenos_shadows
D:6:      nicolae_ossuary_entry_plus, nicolae_sextant, uniq_sigmund
D:7:      gammafunk_temple_overflow_wave, minmay_temple_entry_statues_pillars,
          serial_shops, kennysheep_mini_moat, makhleb_heckhound_becter
D:8:      ashenzari_altar_1, kennysheep_mini, david_nohive_1,
          grunt_ministairs_9, hangedman_decor_points, uniq_erica
D:9:      wad_bat_island, elyvilon_altar_5, serial_shops, shop
Ossuary:  ossuary_tomb_1

Action                   |  1- 3 |  4- 6 |  7- 9 | 10-12 || total
-------------------------+-------+-------+-------+-------++-------
Melee: Spear             |    81 |   204 |   376 |   217 ||   878
Invok: Berserk           |       |     5 |     2 |     2 ||     9
       Trog's Hand       |       |       |     1 |     1 ||     2
  Use: Scroll            |     6 |     3 |    10 |     4 ||    23
       Potion            |     2 |     2 |     6 |     8 ||    18
 Stab: Sleeping          |     1 |       |    10 |     2 ||    13
       Distracted        |       |       |     1 |     1 ||     2
  Eat: Meat ration       |       |     1 |     2 |       ||     3
       Bread ration      |       |     3 |     2 |       ||     5
       Beef jerky        |       |       |     1 |     3 ||     4
       Royal jelly       |       |       |       |     4 ||     4
       Pizza             |       |       |       |     1 ||     1
